 Dungeon Crawl Stone Soup version 0.28-a0-1235-g7c8fac35f0 (webtiles) character file.

Game seed: 14396707623603551261

2172 browni3141 the Summoner (level 9, -1/34 HPs)
             Began as a Felid Summoner on Dec 24, 2021.
             Was a Follower of Dithmenos.
             Killed from afar by a centaur (20 damage)
             ... with an iceblast
             ... on level 7 of the Dungeon.
             The game lasted 00:26:45 (11223 turns).

browni3141 the Summoner (Felid Summoner)           Turns: 11223, Time: 00:26:45

Health: -1/34      AC:  2    Str: 10    XL:     9   Next: 11%
Magic:  17/20      EV: 22    Int: 20    God:    Dithmenos [*.....]
Gold:   428        SH:  5    Dex: 17    Spells: 9/22 levels left
                                        Lives:  0   Deaths: 2

rFire   . . .      SeeInvis +   (weapon unavailable)
rCold   . . .      Faith    .   (shield unavailable)
rNeg    . . .      Spirit   .   (armour unavailable)
rPois   .          Reflect  +   (helmet unavailable)
rElec   .          Harm     .   (cloak unavailable)
rCorr   .          Rampage  .   (gloves unavailable)
Will    +....                   (boots unavailable)
Stlth   +++.......              o - amulet of reflection
HPRegen 0.11/turn               m - +4 ring of evasion
MPRegen 0.17/turn               y - +6 ring of strength

@: wreathed by umbra, studying Fighting, quick
A: very small, claws 1, fangs 3, see invisible, speed 1, shaggy fur 2, stealthy
paws, no weapons or thrown items, no armour, multi-lived
a: Renounce Religion


You were on level 7 of the Dungeon.
You worshipped Dithmenos.
Dithmenos was aware of your devotion.
You visited 2 branches of the dungeon, and saw 8 of its levels.
You also visited: Sewer.

You collected 428 gold pieces.

Inventory:

Jewellery
 m - a +4 ring of evasion (left paw)
 o - an amulet of reflection (around neck)
 y - a +6 ring of strength (right paw)
Wands
 p - a wand of flame (14)
 D - a wand of charming (8)
Scrolls
 a - 2 scrolls of magic mapping
 b - 4 scrolls of fear {unknown}
 c - 4 scrolls of enchant weapon {unknown}
 f - 2 scrolls of torment {unknown}
 h - a scroll of amnesia {unknown}
 i - 2 scrolls of vulnerability {unknown}
 j - 5 scrolls of identify {unknown}
 k - 4 scrolls of teleportation {unknown}
 l - a scroll of silence {unknown}
 t - 2 scrolls of immolation {unknown}
 u - a scroll of brand weapon {unknown}
 v - 2 scrolls of summoning {unknown}
 B - a scroll of acquirement {unknown}
 C - a scroll of fog {unknown}
 E - a scroll of enchant armour {unknown}
Potions
 d - 2 potions of lignification {unknown}
 e - 3 potions of degeneration {unknown}
 g - 4 potions of flight
 n - a potion of invisibility {unknown}
 q - a potion of attraction {unknown}
 r - 4 potions of curing {unknown}
 s - 5 potions of heal wounds {unknown}
 w - 2 potions of haste {unknown}
 x - a potion of might {unknown}
 z - a potion of mutation {unknown}
 A - a potion of berserk rage {unknown}


   Skills:
 - Level 3.3 Dodging
 * Level 4.0 Stealth
 - Level 7.1 Spellcasting
 - Level 5.0 Hexes
 * Level 10.8 Summonings
 - Level 5.0 Air Magic


You had 9 spell levels left.
You knew the following spells:

 Your Spells              Type           Power      Damage    Failure   Level
a - Summon Small Mammal   Summ           100%       N/A       1%          1
b - Call Imp              Summ           50%        N/A       1%          2
c - Call Canine Familiar  Summ           50%        N/A       1%          3
d - Summon Guardian Gole  Hex/Summ       38%        N/A       1%          3
e - Summon Lightning Spi  Summ/Air       38%        N/A       3%          4

Your spell library contained the following spells:

 Spells                   Type           Power      Damage    Failure   Level
 Slow                     Hex            100%       N/A       1%          1
 Confusing Touch          Hex            27%        N/A       3%          3
 Tukima's Dance           Hex            27%        N/A       3%          3
 Vampiric Draining        Necr           7%         2d6       28%         3
 Fulminant Prism          Conj/Hex       8%         3d7       32%         4
 Iskenderun's Mystic Bla  Conj/Tloc      7%         2d4       67%         4
 Passage of Golubria      Tloc           7%         N/A       67%         4
 Yara's Violent Unravell  Hex/Tmut       8%         3d5       67%         5
 Lee's Rapid Deconstruct  Erth           3%         3d6*      95%         5
 Orb of Destruction       Conj           3%         9d1       100%        7
 Spellforged Servitor     Conj/Summ      14%        N/A       100%        7


Dungeon Overview and Level Annotations

Branches:
Dungeon (7/15)             Temple (1/1) D:4           Sewer (visited)

Altars:
Ashenzari
Cheibriados
Dithmenos
Elyvilon
Gozag
Hepliaklqana
Kikubaaqudgha
Makhleb
Okawaru
Qazlal
Ru
Sif Muna
Trog
Uskayaw
Vehumet
Wu Jian
Yredelemnul
Zin
The Shining One

Shops:
D:1 :   D:2 [


Innate Abilities, Weirdness & Mutations

You have sharp claws.
You have razor-sharp teeth.
You have supernaturally acute eyesight. (SInv)
You cover ground quickly. (Speed+)
You are covered in thick fur. (AC +2)
Your paws help you pounce on unaware monsters.
You are incapable of wielding weapons or throwing items.
You cannot wear armour.
You gain extra lives every three experience levels.


Message History

A centaur comes into view. It is carrying a wand of iceblast (6).
A centaur is nearby!
A centaur is nearby!
A centaur is nearby!
You swap places.
Casting: Call Canine Familiar (safe; 1% risk of failure)
Confirm with . or Enter, or press ? or * to list all spells.
The spell is quite dangerous to miscast (3% risk of failure)!
Continue anyway?
An electric hum fills the air.
Found a stone staircase leading down.
The centaur zaps a wand.
The mass of ice explodes!
The iceblast engulfs your wolf!
The centaur wields a +0 shortbow.
The centaur shoots an arrow.
The arrow hits your wolf!
Your wolf dies!
Your wolf's corpse disappears in a puff of smoke!
You hear a shout! x4
You see here a +0 club.
The centaur zaps a wand.
The mass of ice explodes!
The iceblast engulfs your lightning spire.
Your lightning spire partially resists.
What are your orders? t - Meow!
Orders for allies: a - Attack new target. r - Retreat! s - Stop attacking. g - Guard the area. f - Follow me.
Anything else - Cancel.
Gang up on whom?
Press: ? - help, Dir - move target, f - centaur
Aim: a centaur, wielding a +0 shortbow, quivering arrows and carrying a wand of iceblast (4) (ally target) Attack!
The centaur shoots an arrow.
The arrow hits you!
The centaur shoots an arrow.
The arrow hits your lightning spire but does no damage.
Your lightning spire shoots out a bolt of lightning at the centaur!
The bolt of electricity hits the centaur!
The centaur zaps a wand.
The mass of ice explodes!
The iceblast engulfs your lightning spire.
Your lightning spire partially resists.
The iceblast engulfs you!!
Ouch! That really hurt!
You die...

... ### ...##..
.......
..........
.....$....
.........# ###
.........##.(##
.........@....#
........8.)...#
.
..............#
.........†....#
.........##..##
...c.....##..#
..........+.>..
.....##..##..##.
.......##..# ..#
.


You could see a centaur (ally target) and a friendly lightning spire (summoned).

Vanquished Creatures
  Eustachio (D:4)
  A sky beast (D:6)
  2 phantoms
  Blork the orc (D:4)
  2 bullfrogs (Sewer)
  2 howler monkey zombies (D:6)
  2 adders (Sewer)
  A river rat (Sewer)
  A white imp (D:5)
  An adder skeleton (D:4)
  A dart slug (D:3)
  2 orcs
  5 endoplasms
  3 giant cockroaches
  3 goblins (D:6)
  5 hobgoblins
  A quokka (D:5)
  9 ball pythons
  4 bats
  3 frilled lizards
  A kobold (D:4)
  9 rats
60 creatures vanquished.

Vanquished Creatures (collateral kills)
  A two-headed ogre (D:5)
  Pikel (D:5)
  A cyclops (D:6)
  2 ice beasts (D:6)
  A sky beast (D:5)
  An ogre (D:6)
  A centaur (D:7)
  A lemure (D:5)
  A bullfrog (D:6)
  2 water moccasin skeletons
  2 bullfrog zombies (D:6)
  3 jellies
  4 hounds
  Crazy Yiuf (D:2)
  A bullfrog skeleton (D:7)
  2 iguanas
  4 orc wizards
  12 adders
  3 river rats (Sewer)
  An ufetubus (D:6)
  An adder skeleton (D:2)
  A worm (D:3)
  3 dart slugs
  6 orcs
  13 ball pythons
  6 endoplasms
  12 goblins
  3 hobgoblins (D:1)
  3 jackals (D:1)
  2 quokkas (D:2)
  A bat (D:3)
  A frilled lizard (D:1)
  6 kobolds (D:1)
  18 rats
121 creatures vanquished.

Vanquished Creatures (others)
  Edmund (D:4)
  2 black bears (D:5)
  A centaur (D:6)
  An ogre (D:4)
  3 lemures (D:5)
  4 gnolls (D:4)
  12 fungi
24 creatures vanquished.

Grand Total: 205 creatures vanquished

Notes
Turn   | Place    | Note
-------+----------+-------------------------------------------
     0 | D:1      | browni3141 the Felid Summoner began the quest for the Orb.
     0 | D:1      | Reached XP level 1. HP: 7/7 MP: 4/4
   423 | D:1      | Reached XP level 2. HP: 9/11 MP: 3/6
   525 | D:1      | Learned a level 2 spell: Call Imp
   542 | D:1      | Found a faded altar of an unknown god.
  1256 | D:1      | Found Fuhal's Book Shoppe.
  1532 | D:1      | Reached XP level 3. HP: 14/14 MP: 1/7
  1867 | D:1      | Learned a level 3 spell: Call Canine Familiar
  2720 | D:2      | Found Buykag's Antique Armour Shoppe.
  3114 | D:2      | Reached XP level 4. HP: 18/18 MP: 4/9
  3343 | D:2      | Found a runed translucent door.
  3344 | D:2      | Noticed Crazy Yiuf
  3410 | D:2      | Killed Crazy Yiuf
  3411 | D:2      | Reached skill level 5 in Summonings
  3751 | D:3      | Found a glowing drain.
  3788 | Sewer    | Entered a sewer
  3854 | Sewer    | Reached XP level 5. HP: 21/21 MP: 7/10
  4408 | Sewer    | Learned a level 3 spell: Summon Guardian Golem
  4445 | Sewer    | Reached skill level 1 in Hexes
  4553 | Sewer    | HP: 1/21 [bullfrog (3)]
  4554 | Sewer    | Reached skill level 6 in Summonings
  4554 | Sewer    | Gained mutation: You are covered in thick fur. (AC +2)
                  | [Felid growth]
  4554 | Sewer    | Reached XP level 6. HP: 2/24 MP: 1/12
  4871 | D:3      | Found a hazy altar of Hepliaklqana.
  5099 | D:3      | Found a hide-covered altar of Uskayaw.
  5424 | D:4      | Found a staircase to the Ecumenical Temple.
  5481 | Temple   | Entered the Ecumenical Temple
  5700 | Temple   | Became a worshipper of Dithmenos the Shadowed
  5757 | D:4      | Reached XP level 7. HP: 26/27 MP: 9/13
  5811 | D:4      | Noticed Eustachio
  5830 | D:4      | Learned a level 4 spell: Summon Lightning Spire
  5890 | D:4      | Noticed Blork the orc
  5910 | D:4      | Killed Blork the orc
  6154 | D:4      | Noticed Edmund
  6184 | D:4      | Killed Edmund
  6185 | D:4      | Reached skill level 5 in Hexes
  6185 | D:4      | Reached skill level 1 in Air Magic
  6678 | D:4      | Reached skill level 7 in Summonings
  6708 | D:4      | Found a basalt altar of Yredelemnul.
  6710 | D:4      | Found an opulent altar of Gozag.
  6713 | D:4      | Found an ancient bone altar of Kikubaaqudgha.
  6713 | D:4      | Found a broken altar of Ashenzari.
  6714 | D:4      | Found an iron altar of Okawaru.
  6714 | D:4      | Found a radiant altar of Vehumet.
  6920 | D:4      | Killed by an exploding themself... ignited by their inner
                  | flame
  6921 | D:4      | Reached XP level 6. HP: -24/24 MP: 8/13
  7492 | D:4      | Killed Eustachio
  7493 | D:4      | Reached XP level 7. HP: 18/27 MP: 8/14
  7618 | D:5      | Entered Level 5 of the Dungeon
  8084 | D:5      | Noticed Pikel
  8113 | D:5      | Killed Pikel
  8114 | D:5      | Reached skill level 5 in Spellcasting
  8114 | D:5      | Reached skill level 8 in Summonings
  8114 | D:5      | Reached XP level 8. HP: 22/31 MP: 8/16
  8242 | D:5      | Noticed a two-headed ogre
  8267 | D:5      | Killed a two-headed ogre
  8268 | D:5      | Reached skill level 9 in Summonings
  8268 | D:5      | Reached skill level 5 in Air Magic
  8268 | D:5      | Reached XP level 9. HP: 34/34 MP: 8/19
  8702 | D:5      | Reached * piety under Dithmenos
  8908 | D:5      | Found a shimmering blue altar of Sif Muna.
  9749 | D:6      | Noticed a cyclops
  9774 | D:6      | Shot with an arrow by a centaur
  9775 | D:6      | Reached XP level 8. HP: -4/31 MP: 11/18
  9778 | D:6      | Reached skill level 10 in Summonings
  9845 | D:6      | Killed a cyclops
 10137 | D:6      | Reached XP level 9. HP: 7/34 MP: 14/20
 10921 | D:7      | Found a glowing silver altar of Zin.
 11223 | D:7      | Killed from afar by a centaur

Illustrated notes

Levels and vault maps discovered:
D:1:      amcnicky_arrival_choice, layout_loops_cross,
          nicolae_ecumenical_snake_handling, serial_shops, nicolae_shop_crystal
D:2:      layout_loops_ring, serial_shops, nicolae_shop_behind_doors,
          uniq_crazy_yiuf_cottage
D:3:      layout_basic, lemuel_tele_altar, mainiacjoe_overflow_brackets,
          portal_sewer_entry_d
D:4:      layout_basic, grunt_temple_overflow_open,
          minmay_temple_entry_overgrown, uniq_blork_the_orc, uniq_edmund,
          uniq_eustachio
D:5:      black_bear_nest_2, layout_basic, lemuel_blue_sif_altar,
          serial_aquarium, aquarium_bridge_square [aquarium_subvault_bridge,
          aquarium_subvault_window, aquarium_subvault_bridge,
          aquarium_subvault_bridge], aquarium_bridge_long_separate
          [aquarium_subvault_window, aquarium_subvault_bridge,
          aquarium_subvault_bridge, aquarium_subvault_window,
          aquarium_subvault_bridge, aquarium_subvault_window],
          aquarium_window_1, aquarium_window_2, aquarium_view_2g,
          aquarium_view_2b, uniq_pikel
D:6:      layout_basic, minmay_ogre_servants
D:7:      layout_gridville, lemuel_doored_altar
Temple:   jpeg_temple_island

Skill      XL: |  1  2  3  4  5  6  7  8  9 |
---------------+----------------------------+-----
Stealth        | 3 4 |  4.0
Dodging        | 3 |  3.3
Summonings     | 5 6 8 10 | 10.8
Spellcasting   | 3 5 7 |  7.1
Hexes          | 2 4 5 |  5.0
Air Magic      | 2 4 5 |  5.0

Action                   |  1- 3 |  4- 6 |  7- 9 || total
-------------------------+-------+-------+-------++-------
Melee: Unarmed           |    45 |   114 |   153 ||   312
       Bite              |     1 |     8 |    20 ||    29
 Cast: Summon Small Mamm |    61 |    10 |     3 ||    74
       Call Imp          |    10 |    13 |     6 ||    29
       Call Canine Famil |       |    18 |    18 ||    36
       Summon Guardian G |       |     7 |    13 ||    20
       Summon Lightning  |       |       |    28 ||    28
Evoke: Wand              |       |    11 |     1 ||    12
  Use: Scroll            |       |     1 |       ||     1
       Potion            |       |     1 |       ||     1
 Stab: Sleeping          |     7 |     7 |     7 ||    21
       Distracted        |       |     1 |     1 ||     2
Armor: Skin              |     6 |     4 |     6 ||    16
Dodge: Dodged            |    63 |   109 |   117 ||   289
Block: Other             |       |    31 |    41 ||    72
       Reflection        |       |       |     5 ||     5

Table legend: (Time is in decaauts)
 A = Elapsed time spent in this place.
 B = Non-inter-level travel time spent in this place.
 C = Inter-level travel time spent in this place.
 D = Time resting spent in this place.
 E = Time spent auto-exploring this place.
 F = Levels seen in this place.
 G = Mean time per level.
                   A        B        C        D        E       F      G
               +--------+--------+--------+--------+--------+-----+--------+
         Total |  10250 |  10146 |    104 |    671 |   7038 |   9 | 1138.9 |
       Dungeon |   8934 |   8837 |     97 |    115 |   6692 |   7 | 1276.3 |
        Temple |    222 |    216 |      6 |      0 |    200 |   1 |  222.0 |
         Sewer |   1093 |   1093 |      0 |    556 |    145 |   1 | 1093.0 |
               +--------+--------+--------+--------+--------+-----+--------+

Top non-repeatable levels by time:
     D:1: 1743 daAuts
     D:4: 1740 daAuts
     D:6: 1510 daAuts
     D:5: 1427 daAuts
     D:2: 1413 daAuts
   Sewer: 1093 daAuts
     D:3: 764 daAuts
     D:7: 335 daAuts
  Temple: 222 daAuts
